 Dungeon Crawl Stone Soup version 0.28.0 (webtiles) character file.

Game seed: 2062142014229485274

446 dudediamond6 the Cudgeller (level 6, -1/61 HPs)
             Began as a Troll Fighter on Feb 9, 2022.
             Was a Follower of Cheibriados.
             Succumbed to a scorpion's poison
             ... on level 5 of the Dungeon on Feb 10, 2022.
             The game lasted 00:39:18 (5501 turns).

dudediamond6 the Cudgeller (Troll Fighter)          Turns: 5501, Time: 00:39:19

Health: -1/61      AC:  4    Str: 30    XL:     6   Next: 73%
Magic:  5/5        EV: 10    Int:  7    God:    Cheibriados [*.....]
Gold:   1462       SH:  0    Dex: 12    Spells: 5/5 levels left

rFire   . . .      SeeInvis .   R - +0 glaive
rCold   . . .      Faith    .   (shield currently unavailable)
rNeg    . . .      Spirit   .   b - +0 robe
rPois   .          Reflect  .   (helmet restricted)
rElec   .          Harm     .   (no cloak)
rCorr   .          Rampage  .   (gloves unavailable)
Will    .....                   (boots unavailable)
Stlth   +.........              (no amulet)
HPRegen 1.00/turn               (no ring)
MPRegen 0.09/turn               (no ring)

@: lethally poisoned (-1 -> -5), about to teleport, very slow
A: large, unfitting armour, claws 3, regeneration 1, shaggy fur 1, tough skin 1
a: Renounce Religion, Bend Time


You were on level 5 of the Dungeon.
You worshipped Cheibriados.
Cheibriados was aware of your devotion.
You visited 2 branches of the dungeon, and saw 6 of its levels.

You collected 1462 gold pieces.

Inventory:

Hand Weapons
 a - a +0 flail
 g - a +0 club
 j - a +0 dagger
 l - a +0 dagger
 m - a +0 spear
 n - a +0 dagger
 o - a +0 vampiric dagger
 q - a +0 dagger
 u - a +0 dagger
 v - a +0 dagger
 w - a +0 war axe
 A - a +0 hand axe
 C - a +0 dagger
 D - a +0 whip
 E - a +0 trident
 G - a +0 vorpal hand axe
 K - a +0 long sword
 R - a +0 glaive (weapon)
Missiles
 f - 169 stones (quivered)
 r - 78 arrows
 t - 4 large rocks
 N - 8 poisoned darts
Armour
 b - a +0 robe (worn)
 c - a +0 kite shield
 h - a +0 robe
 y - a +0 chain mail
 H - a +0 pair of gloves
 L - a +0 robe
 Q - a +0 plate armour
Magical Staves
 d - a staff of conjuration
 s - a staff of cold
Jewellery
 z - a +4 ring of protection
Wands
 B - a wand of polymorph (9)
 S - a wand of iceblast (12)
Scrolls
 e - 4 scrolls of identify
 i - a scroll of teleportation
 x - a scroll of torment
 M - a scroll of fear
 O - a scroll of fog {unknown}
Potions
 p - 2 potions of degeneration
 F - a potion of mutation {unknown}
 I - a potion of attraction
 J - 2 potions of lignification {unknown}
 P - a potion of heal wounds {unknown}


   Skills:
 + Level 3.2 Fighting
 + Level 4.2 Maces & Flails
 + Level 0.4 Throwing
 + Level 3.6 Dodging
 + Level 0.5 Stealth
 + Level 3.4 Shields


You had 5 spell levels left.
You didn't know any spells.
Your spell library contained the following spells:

 Spells                   Type           Power      Damage    Failure   Level
 Gell's Gravitas          Tloc           0%         N/A       80%         3
 Lesser Beckoning         Tloc           0%         N/A       80%         3
 Ozocubu's Armour         Ice            0%         N/A       80%         3
 Teleport Other           Tloc           0%         N/A       80%         3
 Metabolic Englaciation   Hex/Ice        0%         N/A       100%        5
 Simulacrum               Ice/Necr       0%         N/A       100%        6


Dungeon Overview and Level Annotations

Branches:
Dungeon (5/15)             Temple (1/1) D:4

Altars:
Ashenzari
Cheibriados
Dithmenos
Hepliaklqana
Kikubaaqudgha
Nemelex Xobeh
Qazlal
Ru
Sif Muna
Uskayaw
Vehumet
Xom
Yredelemnul
Zin
Ignis


Innate Abilities, Weirdness & Mutations

You are too large for most types of armour.
You have claws for hands.
Your natural rate of healing is unusually fast.
You are covered in fur. (AC +1)
You have tough skin. (AC +1)


Message History

You slash the scorpion!
The scorpion is heavily wounded.
You feel sick. The scorpion stings you. x2
You barely miss the scorpion.
The scorpion is heavily wounded.
You feel sick. The scorpion stings you!
The scorpion stings you but does no damage.
You barely miss the scorpion.
The scorpion is heavily wounded.
You feel sick. The scorpion stings you. The scorpion barely misses you.
You barely miss the scorpion.
The scorpion is heavily wounded.
You feel sick. The scorpion stings you!
* * * LOW HITPOINT WARNING * * *
The scorpion stings you!
* * * LOW HITPOINT WARNING * * *
You are more poisoned.
The scorpion poisons you!
You feel better. The scorpion stings you.
* * * LOW HITPOINT WARNING * * *
Aiming: Polymorph
Press: ? - help, Q - select action, (/) - cycle Shift-Dir - straight line, f - scorpion
Aim: a scorpion (heavily wounded, will become a river rat, an adder, or a boggart, chance to affect: 49%)
The scorpion resists with some effort.
The scorpion stings you.
* * * LOW HITPOINT WARNING * * *
You are poisoned.
The scorpion poisons you!
Aiming: Iceblast
Press: ? - help, Q - select action, (/) - cycle Shift-Dir - straight line, f/p - scorpion
Aim: a scorpion (heavily wounded) That beam is likely to hit you.
Continue anyway?
Okay, then.
As you read the scroll of teleportation, it crumbles to dust.
You feel strangely unstable.
You feel sick. The scorpion closely misses you.
You feel sick. The scorpion stings you.
* * * LOW HITPOINT WARNING * * *
You are lethally poisoned!
The scorpion poisons you!
You die...

......#.##
##..#......
...#.....#.#...#.....
...##...............
...####†##....##...#
#..##...# .........#
...###..###.# ##.)#
...##....#..###)s##
..................##
........##......@..#
..#.....###.......##
###..##.###....#.##
#....#.##..#..###
##.......##....#
#....##.....#..#
..#.........####
........#.....#
........##....#


You could see a scorpion.

Vanquished Creatures
  A necrophage (D:5)
  A scorpion (D:5)
  A centaur skeleton (D:5)
  3 orc priests
  2 iguanas
  A hound skeleton (D:4)
  4 adders
  An ufetubus (D:5)
  An adder skeleton (D:2)
  A worm (D:3)
  5 orcs
  7 bats
  7 endoplasms
  3 giant cockroaches
  7 hobgoblins
  4 quokkas
  6 ball pythons
  3 frilled lizards
  5 goblins
  6 kobolds
  8 rats
77 creatures vanquished.

Notes
Turn   | Place    | Note
-------+----------+-------------------------------------------
     0 | D:1      | dudediamond6 the Troll Fighter began the quest for the Orb.
     0 | D:1      | Reached XP level 1. HP: 22/22 MP: 0/0
   569 | D:1      | Reached XP level 2. HP: 20/29 MP: 1/1
   699 | D:1      | Reached skill level 2 in Maces & Flails
  1814 | D:2      | Reached XP level 3. HP: 32/36 MP: 2/2
  2438 | D:3      | Found a faded altar of an unknown god.
  2656 | D:3      | Reached XP level 4. HP: 44/44 MP: 3/3
  2663 | D:3      | Reached skill level 3 in Maces & Flails
  2924 | D:3      | Found a snail-covered altar of Cheibriados.
  2924 | D:3      | Found a shimmering blue altar of Sif Muna.
  2930 | D:3      | Became a worshipper of Cheibriados the Contemplative
  3343 | D:2      | Reached XP level 5. HP: 52/52 MP: 4/4
  4356 | D:4      | Reached * piety under Cheibriados
  4841 | D:4      | Found a staircase to the Ecumenical Temple.
  4849 | Temple   | Entered the Ecumenical Temple
  5187 | D:4      | Identified a scroll of acquirement
  5187 | D:4      | Acquired 1230 gold pieces
  5250 | D:5      | Entered Level 5 of the Dungeon
  5275 | D:5      | Reached XP level 6. HP: 54/61 MP: 5/5
  5324 | D:5      | Reached skill level 4 in Maces & Flails
  5500 | D:5      | HP: 1/61 [scorpion (5)]
  5501 | D:5      | Succumbed to a scorpion's poison

Illustrated notes

Levels and vault maps discovered:
D:1:      dpeg_arrival_arbitrary_a, layout_basic
D:2:      minmay_spotlight, layout_basic
D:3:      layout_loops_corners, gammafunk_temple_overflow_elements,
          ebering_ecumenical_altar_sacrificial
D:4:      layout_basic, minmay_temple_entry_glassed_door,
          minmay_misc_feat_enclosed
D:5:      layout_cave_pools
Temple:   pdpol_scorched_temple

Skill      XL: |  1  2  3  4  5  6 |
---------------+-------------------+-----
Maces & Flails | 2 3 4 |  4.2
Shields        | 3 |  3.4
Dodging        | 3 |  3.6
Fighting       | 3 |  3.2
Throwing       | |  0.4
Stealth        | |  0.5

Action                   |  1- 3 |  4- 6 || total
-------------------------+-------+-------++-------
Melee: Flail             |   124 |   114 ||   238
       Glaive            |       |    12 ||    12
Throw: Stone             |    15 |     6 ||    21
Evoke: Wand              |       |     1 ||     1
  Use: Potion            |     4 |     2 ||     6
       Scroll            |       |     8 ||     8
 Stab: Sleeping          |     1 |       ||     1
Armor: Robe              |    66 |    50 ||   116
Dodge: Dodged            |    55 |    78 ||   133
Block: Kite shield       |    54 |    48 ||   102
